Map: Lerilak Crest

Players

Miltreta

  • Race: Terran Terran
  • League: Bronze

Ares - Winner!

  • Race: Protoss Protoss
  • League: Bronze

VOD

Have the link to the VOD?

Description

Time

  • Played on: March 17, 2016, 9:15 a.m.
  • Length: 20:06
Show
View Real Time Build Order
Export as new Build Order

Miltreta Terran 

Build Orders:  

Get SALT Encoding   

  12  0:01  SCV  
  13  0:13  SCV  
  14  0:19  Supply Depot  
  14  0:26  Refinery  
  14  0:29  SCV  
  15  0:42  SCV  
  16  0:49  Barracks  
  16  0:54  SCV  
  17  1:03  Refinery  
  17  1:06  SCV  
  18  1:18  SCV  
  18  1:24  Supply Depot  
  19  1:30  SCV  
  20  1:45  Barracks Reactor  
  20  1:53  Orbital Command  
  20  2:13  Factory  
  20  2:15  Engineering Bay  
  20  2:21  Reaper x2  
  22  2:53  SCV  
  22  2:58  Reaper  
  22  2:59  Reaper  
  22  3:02  Factory Tech Lab  
  24  3:10  Starport  
  24  3:13  SCV, Starport  
  25  3:25  SCV  
  23  4:18  Cyclone  
  23  4:20  Marine x2  
  28  4:24  Medivac  
  28  4:30  Command Center  
  30  4:36  Terran Infantry Weapons Level 1, Supply Depot  
  30  4:37  Supply Depot  
  30  4:41  Marine  
  31  4:50  Viking, Marine  
  34  4:54  Cyclone  
  37  5:04  Medivac  
  39  5:13  Marine x2  
  41  5:31  Barracks  
  41  5:32  Barracks  
  41  5:33  Barracks, Marine x2  
  43  5:57  Marine x2  
  43  6:01  Starport Tech Lab  
  45  6:04  Starport Tech Lab  
  45  6:10  SCV  
  46  6:15  SCV  
  47  6:20  Marine  
  47  6:21  Marine  
  47  6:22  Barracks Reactor  
  47  6:23  Barracks Reactor  
  47  6:25  Barracks Tech Lab  
  49  6:28  Cyclone  
  52  6:36  Refinery  
  52  6:40  SCV  
  52  6:41  SCV  
  52  6:44  Terran Infantry Armor Level 1  
  52  6:46  Marine x2  
  56  6:51  Stimpack  
  56  7:03  Armory  
  56  7:08  SCV x2  
  58  7:09  Refinery  
  58  7:12  Marine  
  58  7:13  Marine x4  
  58  7:14  Marine  
  64  7:18  Widow Mine  
  66  7:24  Cloaking Field  
  66  7:26  Marine  
  52  8:16  Marine x3  
  52  8:17  Marine x3  
  58  8:20  Cyclone  
  58  8:22  Viking x2  
  65  8:31  Terran Ship Weapons Level 1  
  65  8:37  Supply Depot  
  65  8:38  Supply Depot  
  65  8:51  Marine x4  
  65  8:52  Marine  
  70  8:58  Marine  
  59  9:57  Viking x2  
  59  9:58  Marine x2  
  59  9:59  Marine x2  
  57  10:24  Marine x5  
  57  10:25  Marine x2  
  57  10:28  Viking x2  
  64  10:42  Marine x2  
  66  10:54  Starport  
  66  10:55  Marine  
  66  10:56  Marine x2  
  66  10:57  Marine  
  69  10:58  Viking  
  69  11:03  Viking  
  55  12:01  Marine x2  
  55  12:02  Marine x3  
  55  12:03  Starport Reactor  
  55  12:06  Combat Shields  
  55  12:08  Terran Infantry Weapons Level 2  
  60  12:09  Terran Ship Weapons Level 2  
  60  12:12  Marine  
  60  12:15  Thor  
  65  12:19  SCV  
  66  12:34  Marine x5  
  71  12:46  Viking  
  73  12:54  Marine x3  
  73  12:55  Marine  
  77  13:02  Thor  
  83  13:10  Viking  
  85  13:25  Supply Depot x2  
  85  13:29  Marine  
  86  13:46  Viking x2, Marine  
  91  13:57  Orbital Command  
  54  14:25  Marine x2  
  54  14:26  Marine x5  
  54  14:27  Viking  
  54  14:28  Viking x2  
  54  14:43  Marine  
  55  14:47  Viking  
  55  14:49  Marine x2  
  55  14:50  Marine x3  
  62  14:56  Orbital Command  
  62  14:57  Viking  
  64  15:12  Thor  
  70  15:20  Viking  
  70  15:21  Viking, Banshee  
  77  15:33  Viking  
  79  15:50  Viking  
  79  15:51  Marine x4  
  79  15:52  Marine x3  
  88  15:57  Thor  
  94  16:21  Marine x2, Refinery  
  94  16:22  Marine x4  
  94  16:24  Viking, Refinery  
  102  16:39  Viking  
  102  16:56  Supply Depot  
  102  16:59  Supply Depot  
  102  17:08  Viking x3  
  108  17:38  Supply Depot, Raven  
  108  17:40  Supply Depot  
  110  17:45  Raven  
  110  17:49  Marine  
  110  17:50  Marine x4  
  117  17:51  Marine  
Show
View Real Time Build Order
Export as new Build Order

Ares Protoss - Winner!

Build Orders:  

Get SALT Encoding   

  12  0:03  Probe (Chrono Boost)  
  13  0:27  Pylon  
  13  0:35  Probe (Chrono Boost)  
  14  0:37  Assimilator  
  14  0:46  Probe (Chrono Boost)  
  15  0:58  Probe (Chrono Boost)  
  15  1:00  Gateway  
  16  1:09  Probe (Chrono Boost)  
  17  1:19  Probe (Chrono Boost)  
  17  1:24  Pylon  
  18  1:30  Probe (Chrono Boost)  
  18  1:32  Assimilator  
  19  1:41  Probe (Chrono Boost)  
  20  1:52  Cybernetics Core  
  20  1:56  Zealot  
  22  2:16  Nexus  
  22  2:17  Probe (Chrono Boost)  
  22  2:20  Assimilator  
  23  2:24  Assimilator  
  23  2:28  Stalker, Probe (Chrono Boost)  
  26  2:57  Mothership Core (Chrono Boost)  
  28  3:03  Stalker  
  30  3:15  Probe (Chrono Boost)  
  30  3:17  Robotics Facility  
  31  3:24  Forge  
  31  3:28  Probe (Chrono Boost)  
  32  3:35  Pylon  
  32  3:38  Pylon  
  32  3:39  Probe (Chrono Boost)  
  32  4:14  Stalker  
  34  4:20  Observer  
  35  4:31  Robotics Bay  
  35  4:36  Stargate  
  35  4:40  Protoss Shields Level 1  
  35  4:44  Stalker (Chrono Boost)  
  37  4:47  Probe (Chrono Boost)  
  37  4:49  Probe (Chrono Boost)  
  40  4:53  Observer  
  40  4:55  Probe (Chrono Boost)  
  41  5:06  Probe  
  41  5:11  Probe  
  43  5:19  Stalker (Chrono Boost)  
  45  5:23  Probe  
  46  5:46  Sentry (Chrono Boost)  
  48  5:56  Nexus  
  48  6:00  Assimilator  
  48  6:05  Assimilator  
  48  6:07  Pylon  
  48  6:10  Pylon  
  48  6:11  Colossus (Chrono Boost)  
  48  6:17  Pylon  
  54  6:18  Phoenix  
  54  6:23  Zealot  
  58  6:34  Protoss Ground Armor Level 1 (Chrono Boost)  
  58  6:46  Stalker  
  60  6:54  Probe x2  
  60  6:58  Colossus (Chrono Boost)  
  68  7:14  Probe x3  
  71  7:32  Stalker  
  71  7:35  Fleet Beacon  
  73  7:46  Probe x2  
  69  8:10  Colossus  
  61  8:15  Stalker  
  69  8:31  Probe x3  
  72  8:41  Stalker  
  80  8:55  Tempest  
  84  9:07  Stalker  
  84  9:10  Colossus  
  84  9:15  Probe x3  
  56  10:01  Phoenix  
  49  10:26  Phoenix  
  51  10:34  Mothership Core  
  53  10:36  Probe  
  53  10:40  Zealot  
  54  10:47  Colossus  
  54  10:48  Probe  
  63  10:51  Tempest  
  63  10:55  Probe  
  68  11:03  Zealot  
  76  11:22  Nexus  
  76  11:26  Stalker  
  76  11:34  Tempest  
  78  11:52  Stalker  
  74  12:18  Nexus, Stalker  
  76  12:30  Colossus  
  76  12:32  Tempest  
  86  12:57  Pylon  
  86  13:02  Pylon  
  86  13:09  Pylon  
  86  13:11  Stalker  
  86  13:13  Pylon  
  86  13:15  Probe  
  86  13:16  Pylon  
  89  13:24  Phoenix  
  91  13:27  Probe  
  91  13:32  Probe  
  94  13:34  Probe  
  94  13:39  Probe  
  95  13:42  Colossus  
  95  13:43  Probe  
  95  13:46  Probe  
  103  14:02  Stalker  
  103  14:08  Tempest  
  97  14:43  Stalker  
  97  14:48  Colossus  
  97  14:50  Mothership Core  
  97  14:51  Tempest  
  111  15:09  Stalker  
  119  15:34  Tempest  
  123  15:41  Protoss Air Weapons Level 1, Protoss Ground Weapons Level 1 (Chrono Boost)  
  121  15:42  Nexus  
  121  15:46  Assimilator  
  119  15:50  Assimilator  
  119  16:14  Observer  
  119  16:17  Phoenix  
  122  16:22  Probe  
  122  16:23  Probe  
  122  16:24  Probe  
  125  16:27  Anion Pulse-Crystals  
  125  16:35  Colossus (Chrono Boost)  
  127  16:42  Phoenix  
  129  17:03  Probe  
  129  17:04  Probe  
  129  17:05  Probe  
  129  17:07  Phoenix  
  134  17:11  Stalker  
  136  17:31  Twilight Council  
  136  17:36  Colossus (Chrono Boost)  
  136  17:37  Stalker  
  136  17:41  Tempest (Chrono Boost)  
  148  17:48  Probe  
  149  18:00  Probe  
  150  18:33  Stalker  
  152  18:42  Colossus  
  148  19:00  Stalker  
Tags
 
Add a new tag
Caveats
  • Supply blocks, unpowered buildings, or Contaminate may cause inaccurate times.
  • Supply counts are checked every 10 seconds.